AoeStats
← LukeMafra

Arabia

505035949Analyzed
3v3 RM · 25d ago on Sep 7, 2026· 47m 7s· 6 players
Game mode
Random Map
Map size
Normal (6 player)
Population
200
Speed
Normal
Resources
Standard
Victory
Conquest
Starting age
Dark Age
Ending age
Imperial Age
RankedLock teamsTeams togetherTeam positionsShared explorationLock speedFull tech treeHidden civsTurbo modeCheats
Victory
Defeat
🇮🇹 Goths · Italy
607
+17
🇧🇷 Franks · Brazil
513
+22
🇧🇷 Spanish · Brazil
466
+20
🇵🇱 Poles · Poland
584
-18
🇧🇷 Khmer · Brazil
574
-18
🇧🇷 Spanish · Brazil
545
-17
Rod
1:05 Loom
15:33 Feudal Age
16:49 Wheelbarrow
16:00 Town Watch
16:00 Horse Collar
16:09 Double-Bit Axe
19:26 Arson
ManilaTen142289
11:29 Feudal Age
11:58 Double-Bit Axe
19:21 Stone Mining
19:26 Gold Mining
19:40 Horse Collar
21:25 Fletching
24:05 Castle Age
25:19 Bow Saw
25:11 Heavy Plow
29:40 Stone Shaft Mining
29:46 Gold Shaft Mining
29:29 Pikeman
34:05 Scale Mail Armor
38:00 Ballistics
37:36 Murder Holes
41:46 Imperial Age
41:07 Wheelbarrow
40:15 Man-at-Arms
40:58 Long Swordsman
41:52 Scale Barding Armor
41:59 Forging
43:48 Conscription
42:51 Elite Ballista Elephant
43:41 Two-Handed Swordsman
Gumar
14:22 Feudal Age
15:23 Horse Collar
15:30 Double-Bit Axe
19:27 Loom
30:22 Castle Age
30:40 Gold Mining
31:45 Bow Saw
31:36 Heavy Plow
30:59 Pikeman
31:52 Stone Mining
33:20 Wheelbarrow
33:23 Stone Shaft Mining
33:06 Light Cavalry
39:17 Elite Skirmisher
39:55 Town Watch
41:21 Town Patrol
LukeMafra
7:27 Loom
10:38 Feudal Age
23:25 Castle Age
30:29 Double-Bit Axe
31:37 #83
33:58 Imperial Age
32:16 Padded Archer Armor
34:28 Leather Archer Armor
34:28 Cavalier
36:19 Elite Throwing Axeman
39:30 Scale Barding Armor
EZdoro
0:53 Loom
11:26 Feudal Age
13:14 Horse Collar
13:22 Double-Bit Axe
13:27 Man-at-Arms
16:28 Gold Mining
16:29 Stone Mining
22:46 Castle Age
22:43 Wheelbarrow
22:52 Wheelbarrow
24:20 Crossbowman
26:02 Town Watch
26:18 Fletching
32:40 Heavy Plow
35:47 Stone Shaft Mining
36:29 Bow Saw
38:43 Masonry
38:48 Forging
38:39 Scale Mail Armor
39:24 Hand Cart
39:11 Pikeman
39:54 Squires
43:38 Town Patrol
46:13 Imperial Age
45:37 Iron Casting
45:17 Chain Mail Armor
45:08 Scale Barding Armor
45:03 Padded Archer Armor
44:59 Bodkin Arrow
44:57 Heated Shot
45:28 Ballistics
45:04 Murder Holes
Coronel Calcinha
12:05 Feudal Age
14:40 Double-Bit Axe
15:52 Horse Collar
17:15 Man-at-Arms
20:54 Gold Mining
20:55 Stone Mining
26:01 Castle Age
26:30 Castle Age
25:16 Scale Mail Armor
25:18 Fletching
27:01 Forging
26:55 Padded Archer Armor
28:11 Heavy Plow
28:26 Bow Saw
28:02 Pikeman
28:40 Gambesons
29:04 Long Swordsman
29:45 Squires
30:08 Arson
34:05 Stone Shaft Mining
38:19 Imperial Age
37:47 Scale Barding Armor
37:58 Chain Mail Armor
38:30 Two-Handed Swordsman
40:34 Champion
41:16 Halberdier
44:14 Elite Conquistador
Connection lost

Rejoining the realm…

Still unreachable

The connection could not be restored.

Session expired

The server has moved on; the page needs a fresh start.